 Dungeon Crawl Stone Soup version 0.31.0-9-g3a7656b989 (webtiles) character file.

Game seed: 7469369018621465094

23 Peloso the Covered (level 2, 27/27 HPs)
             Began as a Minotaur Fighter on Jan 31, 2024.
             Got out of the dungeon alive.
             The game lasted 00:01:03 (411 turns).

Peloso the Covered (Minotaur Fighter)                Turns: 411, Time: 00:01:03

Health: 27/27      AC: 10    Str: 20    XL:     2   Next: 72%
Magic:  1/1        EV:  9    Int:  5    God:
Gold:   27         SH:  4    Dex:  9    Spells: 1/1 levels left

rFire   . . .        a - +0 long sword
rCold   . . .        d - +0 buckler
rNeg    . . .        b - +0 scale mail
rPois   .            (helmet restricted)
rElec   .            (no cloak)
rCorr   .            c - +0 pair of gloves
SInv    .            (no boots)
Will    .....        (no amulet) Stlth
                     (no ring)
HPRegen 0.24/turn    (no ring)
MPRegen 0.07/turn

%: no passive effects
@: brilliant
A: horns 2, retaliatory headbutt, iridescent scales 1, inability to drink after
injury 1
a: no special abilities


You escaped.
You visited 1 branch of the dungeon, and saw 1 of its levels.

You collected 27 gold pieces.

Inventory:

Hand Weapons
 a - a +0 long sword (weapon)
Armour
 b - a +0 scale mail (worn)
 c - a +0 pair of gloves (worn)
 d - a +0 buckler (worn)
Scrolls
 i - a scroll of identify {unknown}
Potions
 g - a potion of attraction {unknown}
 h - a potion of haste {unknown}
 j - a potion of might


   Skills:
 + Level 4.0 Fighting
 + Level 2.6 Long Blades
 + Level 4.0 Armour
 + Level 0.5 Dodging
 + Level 4.0 Shields


You had one spell level left.
You didn't know any spells.
Your spell library contained the following spells:

 Spells                   Type           Power      Damage    Failure   Level
 Summon Forest            Summ/Tloc      0%         N/A       100%        5
 Eringya's Noxious Bog    Alch           0%         4d6       100%        6
 Summon Hydra             Summ           0%         N/A       100%        7


Dungeon Overview and Level Annotations

Branches:
Dungeon (1/15)

Altars:


Innate Abilities, Weirdness & Mutations

You have a pair of horns on your head.
You reflexively headbutt those who attack you in melee.
You are partially covered in iridescent scales. (AC +2)
You occasionally lose the ability to drink potions when taking damage.


Message History

You drop a potion of might.
You start removing your armour.
You continue taking off your +0 buckler. x4
You finish taking off your +0 buckler.
You drop a +0 buckler.
You see here a +0 pair of gloves.
c - a +0 pair of gloves You see here a +0 buckler.
d - a +0 buckler You see here a potion of might.
j - a potion of might You start putting on your armour.
You continue putting on your +0 pair of gloves. x4
You finish putting on your +0 pair of gloves.
You start putting on your armour.
You continue putting on your +0 buckler. x4
You finish putting on your +0 buckler.
It was a potion of brilliance.
You feel clever all of a sudden.
It was a potion of mutation.
You feel extremely strange.
You occasionally lose the ability to drink potions when taking damage.
Iridescent scales grow over part of your body.
What level of the Dungeon? (default 1, ? - help)
Found 19 gold pieces.
A kobold comes into view. It is wielding a +0 club.
The kobold shouts!
The kobold hits you with a +0 club.
You miss the kobold. The kobold hits you but does no damage.
You block the kobold's attack.
You hit the kobold. You headbutt the kobold.
You kill the kobold!
Things that are here:
a +0 club; 4 stones What level of the Dungeon? (default 1, ? - help) You're already here!
What level of the Dungeon? (default 1, ? - help)
You now have 27 gold pieces (gained 19).
There is an open door here.
You see here a frilled lizard skeleton.
There is a staircase leading out of the dungeon here.
You have escaped!

..# #. ..# #### ##
#... #.## #...
###############.##
##P#P♣....÷...##.##
♣.#P♣..~~~##.......
#♣@....8~####.##...
♣.#P♣..~~~# #.##.##
##P#P♣....+ #.##...
########## ..####.
#.# #. #.> #. ...
#. #. #.


There were no monsters in sight!

Vanquished Creatures
  A giant cockroach (D:1)
  3 goblins (D:1)
  A hobgoblin (D:1)
  2 jackals (D:1)
  3 kobolds (D:1)
  2 quokkas (D:1)
  4 ball pythons (D:1)
  3 frilled lizards (D:1)
  A rat (D:1)
20 creatures vanquished.

Notes
Turn   | Place    | Note
-------+----------+-------------------------------------------
     0 | D:1      | Peloso the Minotaur Fighter began the quest for the Orb.
     0 | D:1      | Reached XP level 1. HP: 19/19 MP: 0/0
    91 | D:1      | Reached XP level 2. HP: 26/27 MP: 1/1
   359 | D:1      | Gained mutation: You occasionally lose the ability to drink
                  | potions when taking damage. [potion of mutation]
   359 | D:1      | Gained mutation: You are partially covered in iridescent
                  | scales. (AC +2) [potion of mutation]
   411 | D:$      | Got out of the dungeon alive.

Illustrated notes

Levels and vault maps discovered:
D:1:      tarquinn_simple_flora_water_d, layout_loops_cross,
          ebering_ecumenical_altar_sacrificial, hex_tiny

Skill      XL: |  1  2 |
---------------+-------+-----
Armour         | 4 |  4.0
Shields        | 4 |  4.0
Fighting       | 4 |  4.0
Long Blades    | |  2.6
Dodging        | |  0.5

Action                     || total
---------------------------++-------
  Melee: Long sword        ||    50
         Headbutt          ||     5
    Use: Potion            ||     2
 Armour: Scale mail        ||    36
  Dodge: Dodged            ||    36
  Block: Buckler           ||    19
